[Event "Titled Tuesday Blitz April 26 Late 2022"]
[White "Bryakin, Mikhail"]
[Black "Oparin, Grigoriy"]
[WhiteFideId "4165314"]
[BlackFideId "24125890"]
[WhiteElo "2417"]
[BlackElo "2665"]
[Result "0-1"]
[Round "09"]
[TimeControl "180+1"]
[Date "2022.04.26"]
[WhiteClock "0:00:26"]
[BlackClock "0:00:13"]

1. e4 c5 2. Nf3 d6 3. Bb5+ Bd7 4. a4 Nf6 5. d3 g6 6. O-O Bg7 7. Nc3 O-O 8. Bxd7 Nbxd7 9. Bf4 Qb6 10. Qd2 Rfe8 11. b3 Qc6 12. Rfe1 b6 13. h3 a6 14. e5 dxe5 15. Nxe5 Nxe5 16. Bxe5 b5 17. axb5 axb5 18. Qe2 h5 19. Rxa8 Rxa8 20. Ne4 Nxe4 21. Qxe4 Qxe4 22. Rxe4 f6 23. Bc3 e5 24. b4 Ra2 25. Re2 Bf8 26. bxc5 Bxc5 27. g4 Kf7 28. Be1 b4 29. Kf1 Ra1 30. f3 Bd4 31. Kg2 Rb1 32. Bg3 hxg4 33. hxg4 g5 34. Bf2 Bc3 35. Be3 Ke6 36. Bf2 Kd5 37. Be3 Rb2 38. Kf1 Ra2 39. Bf2 Ra1+ 40. Kg2 Ra2 41. Kf1 Ra8 42. Be3 Rc8 43. Bf2 Rh8 44. Kg2 Rh7 45. Be3 Rc7 46. Kf1 Rc6 47. Bf2 Ra6 48. Be3 Kc6 49. Bf2 Kb5 50. Be3 Ra1+ 51. Kg2 Ra8 52. Kf1 Rc8 53. Bf2 Ka4 54. Re4 Bd4 55. Re2 Ka3 56. Bxd4 exd4 57. Ke1 Kb2 58. Kd1 Rc6 59. Re4 Rxc2 60. Rxd4 b3 61. Rd6 Kc3 62. Rxf6 Rd2+ 63. Ke1 Rh2 64. Rc6+ Kxd3 65. Rd6+ Ke3 66. Re6+ Kxf3 67. Rf6+ Kxg4 68. Kf1 b2 0-1


[Site "https://www.chess.com"]

[Event "Titled Tuesday Blitz April 26 Late 2022"]
[White "Buchenau, Frank"]
[Black "volunteers1998"]
[WhiteFideId "4604350"]
[WhiteElo "2193"]
[BlackElo "2286"]
[Result "1-0"]
[Round "09"]
[TimeControl "180+1"]
[Date "2022.04.26"]
[WhiteClock "0:00:10"]
[BlackClock "0:00:01"]

1. e4 c5 2. Nf3 Nc6 3. Bb5 d6 4. O-O Bd7 5. Re1 Nf6 6. c3 e6 7. d4 cxd4 8. cxd4 a6 9. Bf1 Be7 10. d5 Nb8 11. Nc3 O-O 12. h3 b5 13. a4 b4 14. Na2 a5 15. dxe6 fxe6 16. e5 Ne8 17. exd6 Nxd6 18. Nd4 Nc6 19. Nxe6 Bxe6 20. Rxe6 Nf5 21. Qxd8 Nxd8 22. Re1 Bc5 23. Re5 Bd4 24. Bc4+ Kh8 25. Rd5 Ba7 26. Bg5 Nc6 27. Rd2 Ncd4 28. Rad1 Rae8 29. Bb5 Nxb5 30. axb5 h6 31. Bf4 Nh4 32. Bg3 Nf5 33. Bc7 a4 34. b6 Bb8 35. Nxb4 Bxc7 36. bxc7 Rc8 37. Rd8 Ne7 38. Rxf8+ Rxf8 39. Rd8 Rg8 40. Nc6 Nc8 41. Kf1 g5 42. Ke2 Kg7 43. Kd3 Kf6 44. Kd4 Rg7 45. Rxc8 Rd7+ 46. Ke4 Ke6 47. Nd4+ Kd6 48. Nb5+ Kc6 49. Rb8 Rxc7 50. Nxc7 1-0


[Site "https://www.chess.com"]

[Event "Titled Tuesday Blitz April 26 Late 2022"]
[White "Butti, Enrique"]
[Black "Kohler, Aran"]
[WhiteFideId "3700470"]
[BlackFideId "1002856"]
[WhiteElo "2080"]
[BlackElo "2270"]
[Result "1-0"]
[Round "09"]
[TimeControl "180+1"]
[Date "2022.04.26"]
[WhiteClock "0:01:19"]
[BlackClock "0:00:19"]

1. d4 d5 2. c4 c6 3. Nf3 Nf6 4. Nc3 e6 5. Bg5 dxc4 6. e4 b5 7. e5 h6 8. Bh4 g5 9. Nxg5 Nd5 10. Nf3 Qa5 11. Qd2 Bb4 12. Rc1 Bb7 13. Be2 Nd7 14. O-O Nxc3 15. bxc3 Be7 16. Bxe7 Kxe7 17. Qf4 Rag8 18. Nd2 c5 19. Bf3 Bxf3 20. Nxf3 Rg6 21. Rfd1 Qc7 22. d5 exd5 23. Rxd5 Nb6 24. Rd6 Rxd6 25. exd6+ Qxd6 26. Re1+ Kd7 27. Qxf7+ Kc6 28. Re6 Rd8 29. Rxd6+ Kxd6 30. g3 Nd7 31. Qf4+ Kc6 32. Qxh6+ Kc7 33. Qf4+ Kb6 34. Qd6+ Kb7 35. Ne5 Nxe5 36. Qxd8 Nf3+ 37. Kg2 Ne1+ 38. Kf1 Nd3 39. Qe7+ Kb6 40. h4 b4 41. Qe6+ Kb5 42. cxb4 cxb4 43. h5 Nc5 44. Qe2 a5 45. h6 a4 46. h7 b3 47. axb3 axb3 48. h8=Q Kb4 49. Qeb2 Nd3 50. Qbc3+ 1-0


[Site "https://www.chess.com"]

[Event "Titled Tuesday Blitz April 26 Late 2022"]
[White "Caruana, Fabiano"]
[Black "Keymer, Vincent"]
[WhiteFideId "2020009"]
[BlackFideId "12940690"]
[WhiteElo "2744"]
[BlackElo "2557"]
[Result "1-0"]
[Round "09"]
[TimeControl "180+1"]
[Date "2022.04.26"]
[WhiteClock "0:01:09"]
[BlackClock "0:00:08"]

1. e4 c6 2. d4 d5 3. f3 dxe4 4. fxe4 e5 5. Nf3 Bg4 6. c3 Nd7 7. Bd3 Ngf6 8. O-O Bd6 9. h3 Bxf3 10. Qxf3 O-O 11. Nd2 exd4 12. cxd4 c5 13. Nc4 cxd4 14. Qf5 g6 15. Qg5 Be7 16. e5 Nd5 17. Qg3 Nc5 18. Bh6 Bh4 19. Qf3 Nxd3 20. Bxf8 Bf2+ 21. Rxf2 Nxf2 22. Bd6 Rc8 23. Qxd5 Qh4 24. e6 fxe6 25. Qxe6+ Kg7 26. Qxc8 1-0


[Site "https://www.chess.com"]

[Event "Titled Tuesday Blitz April 26 Late 2022"]
[White "D`Arruda, Ricardo D."]
[Black "Baches Garcia, Guillermo"]
[WhiteFideId "100692"]
[BlackFideId "2209764"]
[WhiteElo "2373"]
[BlackElo "2505"]
[Result "0-1"]
[Round "09"]
[TimeControl "180+1"]
[Date "2022.04.26"]
[WhiteClock "0:00:23"]
[BlackClock "0:00:29"]

1. Nf3 Nf6 2. d4 e6 3. c3 c5 4. e3 cxd4 5. exd4 b6 6. Bd3 Bb7 7. O-O Be7 8. Nbd2 O-O 9. Qe2 d6 10. Ne4 Nbd7 11. Bf4 Qc7 12. Rfe1 a6 13. Rad1 Rfe8 14. h3 Bf8 15. Bg5 Be7 16. Bc1 b5 17. Bf4 Bd5 18. a3 Qc6 19. Nfg5 h6 20. Nxf6+ Nxf6 21. Ne4 Nxe4 22. Bxe4 Bxe4 23. Qxe4 Qxe4 24. Rxe4 d5 25. Ree1 a5 26. Bd2 Rec8 27. Ra1 Rc4 28. Kf1 Rb8 29. Ke2 b4 30. axb4 axb4 31. Kd3 bxc3 32. bxc3 g5 33. Reb1 Rxb1 34. Rxb1 Rc7 35. f4 Kg7 36. g4 Ra7 37. Rb6 Bf6 38. Rb1 Be7 39. Rb6 Ra1 40. Rb7 Bf6 41. f5 exf5 42. gxf5 Rf1 43. Ke2 Rxf5 44. Rb5 Kg6 45. Be3 h5 46. Rb6 g4 47. h4 g3 48. Bg5 g2 49. Rb1 Bxg5 50. hxg5 Rxg5 51. Rg1 h4 0-1


[Site "https://www.chess.com"]

[Event "Titled Tuesday Blitz April 26 Late 2022"]
[White "De Souza, Cristiano Gomes"]
[Black "Sarkar, Justin"]
[WhiteFideId "2151758"]
[BlackFideId "2010011"]
[WhiteElo "2068"]
[BlackElo "2038"]
[Result "1/2-1/2"]
[Round "09"]
[TimeControl "180+1"]
[Date "2022.04.26"]
[WhiteClock "0:00:36"]
[BlackClock "0:00:07"]

1. d3 e5 2. Nf3 Nc6 3. g3 f5 4. Bg2 Nf6 5. c4 Bb4+ 6. Bd2 Bc5 7. O-O O-O 8. Bc3 e4 9. dxe4 Nxe4 10. a3 d6 11. Qc2 a5 12. Nbd2 Nxc3 13. Qxc3 a4 14. Rad1 Qf6 15. Qxf6 Rxf6 16. Nb1 Be6 17. Nbd2 h6 18. Ne1 Nd4 19. e3 Nc6 20. Nd3 Bb6 21. Nf4 Bf7 22. Nd5 Bxd5 23. Bxd5+ Kf8 24. Nf3 Rb8 25. Nd4 Nxd4 26. exd4 f4 27. Kg2 c5 28. dxc5 Bxc5 29. Rd3 b5 30. b3 b4 31. axb4 Rxb4 32. bxa4 Rxa4 33. Rf3 fxg3 34. fxg3 Ra2+ 35. Kh3 Rxf3 36. Rxf3+ Ke8 37. Rf7 Ra7 38. Rxa7 Bxa7 39. Kg4 Ke7 40. Kf5 Bc5 41. Kg6 Bd4 42. h4 Bc3 43. g4 Bd4 44. g5 hxg5 45. hxg5 Bc3 46. Kf5 Bb2 47. g6 Bc3 48. Bf7 Bf6 49. Ke4 Bb2 50. Kd5 Ba1 51. c5 dxc5 52. Kxc5 Kf6 53. Kd5 Bb2 54. Kc6 Ba1 55. Kd5 Bb2 56. Kc6 Ba1 57. Kd5 1/2-1/2


[Site "https://www.chess.com"]

[Event "Titled Tuesday Blitz April 26 Late 2022"]
[White "Demchenko, Anton"]
[Black "Li, Ben"]
[WhiteFideId "4160258"]
[BlackFideId "2089980"]
[WhiteElo "2539"]
[BlackElo "2267"]
[Result "1-0"]
[Round "09"]
[TimeControl "180+1"]
[Date "2022.04.26"]
[WhiteClock "0:00:41"]
[BlackClock "0:00:02"]

1. e4 e5 2. Nf3 Nc6 3. Bc4 Bc5 4. d3 Nf6 5. Bg5 h6 6. Bh4 g5 7. Bg3 d6 8. c3 a6 9. Nbd2 Ba7 10. O-O Qe7 11. Kh1 Nh5 12. a4 Be6 13. b4 Nf4 14. Bxf4 gxf4 15. b5 Na5 16. Bxe6 fxe6 17. d4 Rg8 18. bxa6 bxa6 19. dxe5 Qg7 20. g3 dxe5 21. Qe2 Bb6 22. Nc4 Nxc4 23. Qxc4 Qf6 24. Rad1 Rd8 25. Kg2 Kf7 26. Qxa6 h5 27. a5 Bc5 28. Rxd8 Rxd8 29. Qc6 Bd6 30. a6 h4 31. Nxh4 Rg8 32. Nf3 Qd8 33. Rb1 Qa8 34. Rb7 Kf6 35. c4 fxg3 36. hxg3 Rh8 37. c5 Qf8 38. cxd6 Qh6 39. Nh4 Rg8 40. Qxc7 Rxg3+ 41. fxg3 Qd2+ 42. Kh3 Qh2+ 43. Kxh2 Kg5 44. Qg7+ Kh5 45. Qg6# 1-0


[Site "https://www.chess.com"]

[Event "Titled Tuesday Blitz April 26 Late 2022"]
[White "Donatti, Alvaro"]
[Black "Akrakan"]
[WhiteFideId "3000303"]
[WhiteElo "2138"]
[BlackElo "2094"]
[Result "1/2-1/2"]
[Round "09"]
[TimeControl "180+1"]
[Date "2022.04.26"]
[WhiteClock "0:00:45"]
[BlackClock "0:01:39"]

1. f4 c5 2. Nf3 d5 3. b3 Nc6 4. Bb2 Nf6 5. e3 e6 6. Bb5 Qb6 7. Bxc6+ Qxc6 8. O-O Be7 9. Ne5 Qc7 10. d3 b5 11. Nd2 Bb7 12. c4 bxc4 13. dxc4 O-O 14. cxd5 Nxd5 15. Qe2 Bf6 16. Rac1 Nb4 17. a3 Ba6 18. Ndc4 Nc6 19. Qf3 Rac8 20. Ba1 Bxc4 21. Rxc4 Nxe5 22. fxe5 Bxe5 23. Bxe5 Qxe5 24. Re4 Qb2 25. b4 Qxa3 26. bxc5 Qxc5 27. Rg4 Qe5 28. Re4 Qd6 29. Rf4 Rc7 30. Rg4 a5 31. Rxg7+ Kxg7 32. Qf6+ Kg8 33. Qg5+ Kh8 34. Qf6+ Kg8 35. Qg5+ Kh8 36. Qf6+ Kg8 1/2-1/2


[Site "https://www.chess.com"]

[Event "Titled Tuesday Blitz April 26 Late 2022"]
[White "Donchenko, Alexander"]
[Black "Sernecki, Franciszek"]
[WhiteFideId "24603295"]
[BlackFideId "1169297"]
[WhiteElo "2539"]
[BlackElo "2165"]
[Result "1-0"]
[Round "09"]
[TimeControl "180+1"]
[Date "2022.04.26"]
[WhiteClock "0:01:39"]
[BlackClock "0:00:08"]

1. d4 Nf6 2. Nf3 e6 3. c4 d5 4. g3 dxc4 5. Bg2 Bb4+ 6. Bd2 c5 7. dxc5 Bxc5 8. Qa4+ Nbd7 9. O-O O-O 10. Qxc4 b5 11. Qc2 Bb7 12. Nc3 a6 13. Rfd1 Rc8 14. a3 Qb6 15. Be1 Rfd8 16. h3 e5 17. Ng5 Bxg2 18. Kxg2 Qb7+ 19. Kh2 h6 20. Nge4 Nxe4 21. Qxe4 Qxe4 22. Nxe4 Bd4 23. Ba5 Bb6 24. Bc3 Nc5 25. Nxc5 Bxc5 26. Kg2 f6 27. Rxd8+ Rxd8 28. Kf3 Kf7 29. e3 Ke6 30. g4 Bb6 31. a4 f5 32. axb5 axb5 33. Ra6 fxg4+ 34. Kxg4 Rd6 35. Bb4 Rc6 36. Ba5 h5+ 37. Kg3 h4+ 38. Kg2 1-0


[Site "https://www.chess.com"]

[Event "Titled Tuesday Blitz April 26 Late 2022"]
[White "Dubov, Daniil"]
[Black "Sjugirov, Sanan"]
[WhiteFideId "24126055"]
[BlackFideId "4189302"]
[WhiteElo "2791"]
[BlackElo "2602"]
[Result "1/2-1/2"]
[Round "09"]
[TimeControl "180+1"]
[Date "2022.04.26"]
[WhiteClock "0:00:07"]
[BlackClock "0:00:12"]

1. d4 Nf6 2. Nf3 d5 3. c4 e6 4. g3 Bb4+ 5. Nbd2 O-O 6. Bg2 b6 7. O-O Bb7 8. Ne5 a5 9. Qc2 c5 10. dxc5 Bxc5 11. Ndf3 Na6 12. Bg5 Be7 13. Rad1 Qc8 14. Qb1 dxc4 15. Rd4 Nc5 16. Rxc4 Be4 17. Qc1 Qb7 18. Rd1 Rad8 19. Rcd4 Rxd4 20. Rxd4 Rd8 21. Rxd8+ Bxd8 22. Ng4 Ncd7 23. Nxf6+ Bxf6 24. Qf4 h6 25. Bxf6 Nxf6 26. Qd6 Kh7 27. Bf1 Bxf3 28. exf3 g6 29. Qd4 Kg7 30. h4 Qc7 31. f4 h5 32. Qe5 Qxe5 33. fxe5 Nd5 34. f4 Kf8 35. Kf2 Ke7 36. Bc4 Nb4 37. a3 Nc6 38. Ke3 f6 39. Bb5 Nd8 40. exf6+ Kxf6 41. Kd4 Nb7 42. Bd3 Nd6 43. Ke3 Nb7 44. Kd4 Nd6 45. Ke3 Nb7 46. b4 axb4 47. axb4 Nd6 48. Kf3 Nb7 49. Ke4 Nd6+ 50. Ke3 Nb7 51. Kd4 Nd6 52. Bb1 Nb7 53. Kc4 Nd6+ 54. Kd4 Nb7 55. Bd3 Nd6 56. Ke3 Nb7 57. Kf3 Nd6 58. g4 hxg4+ 59. Kxg4 Nf7 60. Kf3 e5 61. Ke4 exf4 62. Kxf4 g5+ 63. hxg5+ Nxg5 64. Bf5 Nf7 65. Be4 Ne5 66. Ke3 Ke6 67. Kd4 Kd6 68. Bd5 Nd7 69. Be4 Nf6 70. Bf3 Nd7 71. Be4 Nf6 72. Bf3 Nd7 73. Kc4 Ne5+ 74. Kb5 Kc7 75. Be4 Nf7 76. Bg2 Nd6+ 77. Ka4 Nc4 78. Kb3 Ne5 79. Kc3 Kd6 80. Bf1 Nd7 81. Be2 Ne5 82. Bf1 Nc6 83. Be2 Nxb4 84. Kxb4 b5 85. Kxb5 1/2-1/2


[Site "https://www.chess.com"]

[Event "Titled Tuesday Blitz April 26 Late 2022"]
[White "Fedoseev, Vladimir"]
[Black "Rasulov, Vugar"]
[WhiteFideId "24130737"]
[BlackFideId "13402390"]
[WhiteElo "2726"]
[BlackElo "2560"]
[Result "1-0"]
[Round "09"]
[TimeControl "180+1"]
[Date "2022.04.26"]
[WhiteClock "0:01:43"]
[BlackClock "0:01:04"]

1. d4 d5 2. c4 c6 3. Nf3 Nf6 4. e3 e6 5. b3 Nbd7 6. Bd3 Bd6 7. O-O O-O 8. Bb2 Qe7 9. Nc3 Re8 10. e4 dxe4 11. Nxe4 Nxe4 12. Bxe4 Nf6 13. Bc2 Ba3 14. Bc3 Bb4 15. Bxb4 Qxb4 16. c5 Qa5 17. a3 Qc7 18. Re1 b6 19. Bd3 bxc5 20. dxc5 e5 21. Qc2 h6 22. Bc4 Bg4 23. Qc3 Bxf3 24. Qxf3 e4 25. Qg3 Qxg3 26. hxg3 Rad8 27. Rad1 Kf8 28. b4 Ng4 29. Rxd8 Rxd8 30. Rxe4 Rd1+ 31. Bf1 Nf6 32. Re3 Ra1 33. f3 g5 34. Kf2 Ra2+ 35. Ke1 Ra1+ 36. Kf2 Ra2+ 37. Be2 Nd5 38. Rd3 Rb2 39. b5 Ne7 40. Rd8+ Kg7 41. Rd7 Kf8 42. a4 Rc2 43. b6 axb6 44. cxb6 Ke8 45. Ra7 Rb2 46. a5 Nd5 47. b7 Kd8 48. Ra8+ Kc7 49. a6 1-0


[Site "https://www.chess.com"]

[Event "Titled Tuesday Blitz April 26 Late 2022"]
[White "Fiorito, Fabian"]
[Black "Kosteniuk, Alexandra"]
[WhiteFideId "100200"]
[BlackFideId "4128125"]
[WhiteElo "2395"]
[BlackElo "2469"]
[Result "0-1"]
[Round "09"]
[TimeControl "180+1"]
[Date "2022.04.26"]
[WhiteClock "0:00:15"]
[BlackClock "0:00:43"]

1. e4 c6 2. d4 d5 3. Nc3 dxe4 4. Nxe4 Nf6 5. Nxf6+ exf6 6. Nf3 Bd6 7. Bd3 O-O 8. O-O Re8 9. h3 Nd7 10. c3 Nf8 11. Qc2 Be6 12. Bd2 Qd7 13. Rfe1 Ng6 14. Bxg6 hxg6 15. Re3 Bf4 16. Rd3 Bc7 17. Qd1 g5 18. Nh2 Qd6 19. Nf1 Bc4 20. Rg3 Be2 21. Qc2 Re6 22. Be3 Bh5 23. c4 Qd7 24. Qc3 Bxg3 25. Nxg3 Bg6 26. Rd1 Rd8 27. d5 cxd5 28. Rxd5 Rd6 29. Rxd6 Qxd6 30. Bxa7 Ra8 31. Be3 Rxa2 32. Qb3 Ra1+ 33. Kh2 Qd1 34. Qxd1 Rxd1 35. Ne2 Bd3 36. Nc3 Ra1 37. c5 Bc4 38. Ne4 Bd5 39. Nd6 Rb1 40. Bd4 Bc6 41. Bc3 Kf8 42. f3 Rd1 43. Kg3 Rd5 44. Bb4 f5 45. Kf2 g6 46. Ba3 Rd2+ 47. Kf1 Ke7 48. Nc4 Bb5 49. Ke1 Rxg2 50. Nd6 Bc6 51. b4 Ke6 52. b5 Bxf3 53. Nc4 f4 54. Na5 Ra2 55. Bb4 Re2+ 56. Kf1 Rb2 57. Nxb7 Rxb4 58. c6 Rxb5 59. Nd8+ Kd6 60. Nxf7+ Kc7 61. h4 gxh4 62. Ng5 Rxg5 63. Kf2 Bxc6 64. Kf1 h3 65. Kf2 h2 66. Ke2 Rg3 67. Kf2 h1=Q 68. Ke2 Qh2+ 69. Kd1 Rg1# 0-1


[Site "https://www.chess.com"]

[Event "Titled Tuesday Blitz April 26 Late 2022"]
[White "Fishbein, Alexander"]
[Black "Shirov, Alexei"]
[WhiteFideId "2000377"]
[BlackFideId "2209390"]
[WhiteElo "2442"]
[BlackElo "2678"]
[Result "0-1"]
[Round "09"]
[TimeControl "180+1"]
[Date "2022.04.26"]
[WhiteClock "0:00:01"]
[BlackClock "0:00:36"]

1. Nf3 d5 2. c4 c6 3. Qb3 Nf6 4. d4 e6 5. g3 b6 6. Bg2 Ba6 7. Nbd2 Be7 8. O-O O-O 9. Re1 Nbd7 10. e4 Nxe4 11. Nxe4 Bxc4 12. Qc2 dxe4 13. Qxc4 exf3 14. Bxf3 Rc8 15. Be3 c5 16. Rad1 cxd4 17. Qxd4 Nf6 18. Qa4 Qc7 19. Bf4 Qc2 20. Qxa7 Bc5 21. Rd2 Qf5 22. Qa4 g5 23. Re5 Qb1+ 24. Rd1 Qxb2 25. Rxg5+ Kh8 26. Rf1 Bd4 27. Rb5 Qc3 28. Rb3 Qc5 29. Kg2 e5 30. Rc1 Qd6 31. Rxc8 Rxc8 32. Bg5 Rc2 33. Qa8+ Kg7 34. Kh3 Rxf2 35. Rd3 Qe6+ 36. g4 h5 37. Kg3 hxg4 0-1


[Site "https://www.chess.com"]

[Event "Titled Tuesday Blitz April 26 Late 2022"]
[White "Gomez Dieguez, David"]
[Black "Vega Gutierrez, Sabrina"]
[WhiteFideId "22223630"]
[BlackFideId "2219026"]
[WhiteElo "2115"]
[BlackElo "2286"]
[Result "0-1"]
[Round "09"]
[TimeControl "180+1"]
[Date "2022.04.26"]
[WhiteClock "0:00:06"]
[BlackClock "0:00:06"]

1. c4 e5 2. Nc3 d6 3. g3 f5 4. d4 Be7 5. Bh3 e4 6. Nd5 c6 7. Nxe7 Qxe7 8. d5 c5 9. Bg2 Nd7 10. Nh3 Ne5 11. b3 Nf6 12. O-O O-O 13. Bb2 Nfg4 14. Nf4 Bd7 15. h3 Nf6 16. h4 Nfg4 17. Qd2 Rae8 18. Rad1 Rf6 19. Bh3 Rh6 20. Kg2 b5 21. Qc3 bxc4 22. bxc4 Rb8 23. a3 Ba4 24. Rc1 Rb3 25. Qd2 Qb7 26. Bxe5 dxe5 27. Bxg4 exf4 28. Bxf5 f3+ 29. exf3 exf3+ 30. Kg1 Bd7 31. Qg5 Rf6 32. Be6+ Bxe6 33. dxe6 Qe7 34. Rfe1 Rb6 35. Re5 h6 36. Qe3 Rbxe6 37. Rxe6 Qxe6 38. Re1 Qh3 39. Qe8+ Rf8 40. Qe6+ Qxe6 41. Rxe6 Rb8 42. Re3 Rb1+ 43. Kh2 Rc1 44. Rxf3 Rxc4 45. Kg2 Rc2 46. Rf5 c4 47. Ra5 Ra2 48. Rxa7 c3 49. a4 c2 50. Rc7 h5 51. Kf3 Rxa4 52. Rxc2 Kf7 53. Rc5 g6 54. Rc6 Kg7 55. Kg2 Kf7 56. f3 Ra3 57. Rc4 Kf6 58. Rf4+ Kg7 59. Kh3 Kh6 60. Rf7 Rb3 61. Rf6 Ra3 62. Rf7 Rc3 63. Kg2 Ra3 64. Kf2 Rb3 65. Ke2 Ra3 66. Kd2 Rb3 67. Kc2 Ra3 68. Kd2 Rb3 69. Ke2 Ra3 70. g4 hxg4 71. fxg4 Rh3 72. g5+ Kh5 73. Rh7+ Kg4 74. Rh6 Kf5 75. Kf2 Ra3 76. Kg2 Rb3 77. Rh8 Ra3 78. Rf8+ Kg4 79. Rh8 Ra2+ 80. Kf1 Kf3 81. Ke1 Kg4 82. Kf1 Rh2 83. Kg1 Rxh4 84. Rg8 Kxg5 85. Kg2 Ra4 86. Kf3 Ra3+ 87. Kf2 Kf5 88. Rf8+ Kg4 89. Rg8 g5 90. Rg7 Ra2+ 91. Kg1 Kf4 92. Rf7+ Kg3 93. Kf1 Ra1+ 94. Ke2 g4 95. Ke3 Kg2 96. Ke2 g3 97. Rf6 Ra2+ 98. Ke1 Kg1 99. Rf5 g2 100. Rf8 Ra1+ 101. Ke2 Rf1 102. Rg8 Rf5 103. Rh8 Re5+ 104. Kf3 Kf1 105. Rg8 g1=Q 106. Rxg1+ Kxg1 107. Kf4 Re8 0-1


[Site "https://www.chess.com"]

[Event "Titled Tuesday Blitz April 26 Late 2022"]
[White "Grischuk, Alexander"]
[Black "Deac, Bogdan-Daniel"]
[WhiteFideId "4126025"]
[BlackFideId "1226380"]
[WhiteElo "2762"]
[BlackElo "2648"]
[Result "1/2-1/2"]
[Round "09"]
[TimeControl "180+1"]
[Date "2022.04.26"]
[WhiteClock "0:00:04"]
[BlackClock "0:00:08"]

1. d4 Nf6 2. c4 g6 3. Bg5 Bg7 4. Nc3 d5 5. Bxf6 Bxf6 6. cxd5 c5 7. dxc5 Nd7 8. g3 Qa5 9. Rc1 Nxc5 10. Bg2 O-O 11. Qd2 Bd7 12. Nf3 Rac8 13. O-O Kg7 14. Nd4 Na4 15. Nb3 Qb6 16. Ne4 Bxb2 17. Rb1 Bc3 18. Qf4 Qd8 19. Nxc3 Nxc3 20. Rb2 Qb6 21. Rc1 Na4 22. Rbc2 Rxc2 23. Rxc2 Qd6 24. Qd4+ f6 25. Qxa7 Rb8 26. h4 h5 27. Nd4 Nb6 28. Qa5 Rc8 29. Rxc8 Nxc8 30. Bf3 Nb6 31. e3 Nc4 32. Qc3 Ne5 33. Bg2 Ng4 34. Ne2 Qb6 35. Qc1 Qb4 36. Nf4 Qa4 37. Qb1 Qa5 38. Qxg6+ Kf8 39. Qb1 Qd2 40. Qf1 Bb5 41. Qxb5 Qxf2+ 42. Kh1 Qxg3 43. Ne6+ Kf7 44. Nd8+ Kf8 45. Ne6+ Kf7 46. Nd8+ Kg7 47. Ne6+ Kh6 48. Kg1 Qf2+ 49. Kh1 Qxh4+ 50. Kg1 Qf2+ 51. Kh1 Qg3 52. Kg1 Qxe3+ 53. Kh1 Qg3 54. Kg1 Qf2+ 55. Kh1 Qg3 56. Kg1 h4 57. Qf1 h3 58. Qc1+ Ne3 59. Qd2 Qxg2+ 60. Qxg2 hxg2 61. Nd8 b5 62. Nc6 Nxd5 63. Kxg2 Kg5 64. Kf3 Kf5 65. Nd4+ Ke5 66. Nxb5 f5 67. a4 Nb4 68. a5 Kf6 69. Nc7 e5 70. a6 e4+ 71. Kf4 Nc6 72. Nb5 Ke6 73. Nd4+ Kd5 74. Nxf5 Kc5 75. Kxe4 Kb6 76. Kd5 Kxa6 1/2-1/2


[Site "https://www.chess.com"]

[Event "Titled Tuesday Blitz April 26 Late 2022"]
[White "Harish, Neeraj"]
[Black "Carrasco Miranda, Andres"]
[WhiteFideId "30958130"]
[BlackFideId "3405990"]
[WhiteElo "1574"]
[BlackElo "2177"]
[Result "0-1"]
[Round "09"]
[TimeControl "180+1"]
[Date "2022.04.26"]
[WhiteClock "0:00:08"]
[BlackClock "0:00:03"]

1. e4 c5 2. Nf3 d6 3. d4 cxd4 4. Nxd4 Nf6 5. Nc3 a6 6. Be3 e5 7. Nb3 Be6 8. f3 h5 9. Qd2 Nbd7 10. Nd5 Bxd5 11. exd5 g6 12. Be2 Bg7 13. O-O Rc8 14. Na5 Qc7 15. c4 O-O 16. Rac1 e4 17. b4 exf3 18. Bxf3 Ne5 19. c5 Nfg4 20. Bxg4 Nxg4 21. Bf4 Be5 22. h3 Bxf4 23. Qxf4 Ne5 24. Nc4 Nd3 25. Qxd6 Nxc1 26. Qxc7 Ne2+ 27. Kf2 Rxc7 28. Kxe2 Re8+ 29. Kd3 b5 30. Nb6 Rce7 31. d6 Re3+ 32. Kd2 Re2+ 33. Kd1 Rxa2 34. d7 Rd8 35. c6 Ra1+ 36. Ke2 Ra2+ 37. Ke3 Rc2 38. Rf6 Kg7 39. Rd6 f5 40. Nd5 Kf7 41. c7 Rxc7 42. Nxc7 Ke7 43. Rd3 Rxd7 44. Rxd7+ Kxd7 45. Nxa6 Kc6 46. Nc5 Kd5 47. Kf4 Kc4 48. Kg5 Kxb4 49. Ne6 Kc4 50. Kxg6 b4 51. Kxf5 b3 52. Kg5 b2 53. Kxh5 b1=Q 54. g4 Kd5 55. Nf4+ Ke4 56. Ng6 Qd3 57. h4 Qd5+ 58. g5 Qf7 59. Kh6 Kf5 60. h5 Qe8 61. Nh4+ Kg4 62. g6 Kxh4 63. g7 Qf7 64. Kh7 Kxh5 65. Kh8 Kh6 66. g8=Q Qf6+ 0-1


[Site "https://www.chess.com"]

[Event "Titled Tuesday Blitz April 26 Late 2022"]
[White "Hnydiuk, Aleksander"]
[Black "Kamsky, Gata"]
[WhiteFideId "1109057"]
[BlackFideId "2000024"]
[WhiteElo "2374"]
[BlackElo "2645"]
[Result "0-1"]
[Round "09"]
[TimeControl "180+1"]
[Date "2022.04.26"]
[WhiteClock "0:00:03"]
[BlackClock "0:00:17"]

1. Nf3 f5 2. g3 Nf6 3. Bg2 g6 4. O-O Bg7 5. c4 d6 6. d4 O-O 7. Nc3 c6 8. d5 e5 9. dxe6 Bxe6 10. b3 Na6 11. Bb2 Qe7 12. Rc1 Rad8 13. Qc2 Kh8 14. Rfd1 Bg8 15. e3 Nc5 16. b4 Ncd7 17. Ne2 d5 18. cxd5 Bxd5 19. a3 Nb6 20. Nf4 Bg8 21. Ne5 Bf7 22. Rxd8 Rxd8 23. Rd1 Rxd1+ 24. Qxd1 Kg8 25. Nxf7 Qxf7 26. Qd8+ Ne8 27. Bxg7 Kxg7 28. Qd4+ Qf6 29. Ne6+ Kf7 30. Nd8+ Ke7 31. Qxf6+ Nxf6 32. Nxb7 Nc4 33. a4 Kd7 34. Nc5+ Kd6 35. a5 Nd5 36. Nd3 Na3 37. Kf1 Nc2 38. Bxd5 Kxd5 39. Ke2 Kc4 40. Kd2 Nxb4 41. Ne5+ Kb5 42. Kc3 c5 43. Nc4 Nd5+ 44. Kb3 a6 45. f3 Nf6 46. Nd6+ Kc6 47. Nc4 Kb5 48. Nd6+ Kxa5 49. Kc4 Kb6 50. e4 fxe4 51. fxe4 Kc6 52. e5 Ng4 53. Nf7 a5 54. h3 Ne3+ 55. Kd3 Nf5 56. Kc4 Nxg3 57. e6 Nf5 58. Ne5+ Kd6 59. Nd3 Ne3+ 60. Kc3 c4 61. Nf4 g5 62. Ne2 Kxe6 63. Kd4 Ng2 64. Kxc4 Nf4 65. Ng1 Kf5 66. Kd4 h5 67. Ke3 a4 68. Nf3 Nxh3 69. Nd4+ Kg4 70. Nc2 Kg3 71. Ke2 g4 0-1


[Site "https://www.chess.com"]

[Event "Titled Tuesday Blitz April 26 Late 2022"]
[White "Janaszak, Dawid"]
[Black "Tristan, Leonardo"]
[WhiteFideId "1119206"]
[BlackFideId "113816"]
[WhiteElo "2199"]
[BlackElo "2404"]
[Result "1-0"]
[Round "09"]
[TimeControl "180+1"]
[Date "2022.04.26"]
[WhiteClock "0:00:04"]
[BlackClock "0:00:03"]

1. d4 d5 2. Bf4 Nf6 3. Nf3 e6 4. e3 Bd6 5. Nbd2 O-O 6. Bd3 b6 7. Qe2 Bb7 8. h4 c5 9. c3 Nc6 10. Ne5 Qc7 11. Ndf3 Ne4 12. Ng5 cxd4 13. cxd4 Nxe5 14. dxe5 Bxe5 15. Nxh7 Bxf4 16. Nxf8 Bd6 17. Nh7 Kxh7 18. f3 Bg3+ 19. Kd1 Rd8 20. Rc1 Qe5 21. Kc2 f5 22. fxe4 fxe4 23. Ba6 Bc6 24. Kb1 Be8 25. h5 d4 26. exd4 Rxd4 27. Bc4 Bf4 28. Rcd1 b5 29. Bb3 a5 30. Rxd4 Qxd4 31. Bc2 Bc6 32. Re1 Qf6 33. Bxe4+ Bxe4+ 34. Qxe4+ Kh6 35. Rf1 e5 36. g3 Kg5 37. gxf4+ exf4 38. Rg1+ Kh4 39. Qh1# 1-0


[Site "https://www.chess.com"]

[Event "Titled Tuesday Blitz April 26 Late 2022"]
[White "Jarocka, Liwia"]
[Black "Zhurbinsky, David"]
[WhiteFideId "21807558"]
[BlackFideId "2072904"]
[WhiteElo "1896"]
[BlackElo "2539"]
[Result "0-1"]
[Round "09"]
[TimeControl "180+1"]
[Date "2022.04.26"]
[WhiteClock "0:01:12"]
[BlackClock "0:01:25"]

1. Nf3 Nf6 2. b3 e6 3. Bb2 d5 4. g3 c5 5. Bg2 Nc6 6. O-O Be7 7. d4 O-O 8. c4 b6 9. cxd5 exd5 10. Nc3 Bg4 11. dxc5 bxc5 12. Rc1 Rc8 13. Na4 Nb4 14. a3 Na6 15. Qd3 Qd6 16. Rfd1 Rfd8 17. h3 Bh5 18. Nh4 Qe6 19. g4 Bg6 20. Nxg6 hxg6 21. Bxf6 Qxf6 22. Bxd5 Nc7 23. Qf3 Rxd5 24. Rxd5 Qxf3 25. exf3 Nxd5 26. b4 Nf4 27. Rc4 Nxh3+ 28. Kg2 Ng5 29. bxc5 Ne6 30. c6 Nd8 31. c7 Ne6 0-1


[Site "https://www.chess.com"]

[Event "Titled Tuesday Blitz April 26 Late 2022"]
[White "Jegorovas, Aleksandras"]
[Black "Bachmann, Axel"]
[WhiteFideId "12801950"]
[BlackFideId "3700488"]
[WhiteElo "2247"]
[BlackElo "2587"]
[Result "1-0"]
[Round "09"]
[TimeControl "180+1"]
[Date "2022.04.26"]
[WhiteClock "0:00:39"]
[BlackClock "0:00:02"]

1. d4 Nf6 2. Nf3 g6 3. c4 Bg7 4. Nc3 O-O 5. e4 d6 6. Be2 Na6 7. O-O e5 8. d5 Nc5 9. Qc2 a5 10. Bg5 h6 11. Be3 Ne8 12. Nd2 f5 13. f3 f4 14. Bf2 g5 15. b3 h5 16. a3 g4 17. b4 Na6 18. c5 Qg5 19. Kh1 g3 20. Bg1 h4 21. Rfc1 axb4 22. axb4 Nxb4 23. Qb3 Rxa1 24. Rxa1 h3 25. Bf1 Nd3 26. Nd1 Ne1 27. hxg3 Nxg2 28. g4 Nf6 29. Nf2 Kf7 30. cxd6 cxd6 31. Ra8 Bxg4 32. Rxf8+ Bxf8 33. fxg4 Ne3 34. Bxh3 Qh4 35. Qxb7+ Be7 36. Nf3 1-0


[Site "https://www.chess.com"]